 Dungeon Crawl Stone Soup version 0.28-a0-1213-g0243856f03 (webtiles) character file.

Game seed: 12180323075447400222

53 frimble the Slasher (level 3, 0/28 HPs)
             Began as a Demonspawn Warper on Dec 22, 2021.
             Slain by an iguana (4 damage)
             ... on level 3 of the Dungeon.
             The game lasted 00:01:11 (2733 turns).

frimble the Slasher (Demonspawn Warper)             Turns: 2733, Time: 00:01:11

Health: 0/28       AC:  6    Str: 11    XL:     3   Next: 64%
Magic:  6/6        EV: 12    Int: 16    God:
Gold:   44         SH:  0    Dex: 12    Spells: 4/6 levels left

rFire   . . .      SeeInvis .   a - +0 falchion
rCold   . . .      Faith    .   (no shield)
rNeg    . . .      Spirit   .   b - +0 leather armour
rPois   .          Reflect  .   (no helmet)
rElec   .          Harm     .   (no cloak)
rCorr   .          Rampage  .   (no gloves)
Will    .....                   i - +2 pair of boots
Stlth   +.........              (no amulet)
HPRegen 0.09/turn               e - ring of wizardry
MPRegen 0.10/turn               (no ring)

@: no status effects
A: ignite blood 1, spiny 1
a: no special abilities


You were on level 3 of the Dungeon.
You visited 1 branch of the dungeon, and saw 3 of its levels.

You collected 44 gold pieces.

Inventory:

Hand Weapons
 a - a +0 falchion (weapon)
Missiles
 d - 4 boomerangs of dispersal (quivered)
Armour
 b - a +0 leather armour (worn)
 i - a +2 pair of boots (worn)
Jewellery
 e - a ring of wizardry (left hand)
Scrolls
 c - a scroll of blinking
 k - 2 scrolls of teleportation
Potions
 f - 2 potions of curing


   Skills:
 + Level 2.5 Fighting
 + Level 2.9 Long Blades
 - Level 0.8 Throwing
 - Level 0.8 Armour
 - Level 2.4 Dodging
 - Level 2.0 Spellcasting
 - Level 2.6 Translocations


You had 4 spell levels left.
You knew the following spells:

 Your Spells              Type           Power      Damage    Failure   Level
a - Blink                 Tloc           20%        N/A       6%          2

Your spell library contained the following spells:

 Spells                   Type           Power      Damage    Failure   Level
 Gell's Gravitas          Tloc           10%        N/A       11%         3
 Lesser Beckoning         Tloc           10%        N/A       11%         3
 Teleport Other           Tloc           10%        N/A       11%         3
 Manifold Assault         Tloc           10%        N/A       65%         5


Dungeon Overview and Level Annotations

Branches:
Dungeon (3/15)

Altars:


Innate Abilities, Weirdness & Mutations

Your demonic aura sometimes causes spilled blood to erupt in flames.
You are partially covered in sharp spines.


Message History

You kill the adder!
No target in view!
No target in view!
No target in view!
No target in view!
An iguana comes into view.
The iguana hisses angrily.
An iguana is nearby!
An iguana is nearby!
An iguana is nearby!
The iguana bites you!
You are too injured to fight recklessly!
You are too injured to fight recklessly!
You are too injured to fight recklessly!
You are too injured to fight recklessly!
You are too injured to fight recklessly!
You are too injured to fight recklessly!
You are too injured to fight recklessly!
You are too injured to fight recklessly!
You are too injured to fight recklessly!
You are too injured to fight recklessly!
You are too injured to fight recklessly!
You hit the iguana.
The iguana is moderately wounded.
The iguana bites you.
You barely miss the iguana.
The iguana is moderately wounded.
The iguana bites you.
You closely miss the iguana.
The iguana is moderately wounded.
The iguana is struck by your spines. The iguana bites you.
* * * LOW HITPOINT WARNING * * *
Okay, then.
Throw: 5 boomerangs (disperse)
Press: ? - help, Q - select action, (/) - cycle Shift-Dir - straight line, f - iguana
Aim: an iguana (moderately wounded, 61% to hit)
You throw a boomerang of dispersal.
The boomerang of dispersal closely misses the iguana.
The iguana barely misses you. The iguana bites you.
You die...

.# $# .# .## #.... ###..
#..... ...#### #.....
#l....# #.#.#.###@.#
#.#.#.#....# #.#.#.#.#.##
####.#.#.#.#.#
#......#...#.#
####+##.#..#..#.# .#
#.......#.....#.. ..#
#.......#.....### ..#
#.......#.############.###
###


You could see an iguana.

Vanquished Creatures
  3 adders
  2 dart slugs
  2 endoplasms (D:1)
  A giant cockroach (D:1)
  3 goblins (D:1)
  A hobgoblin (D:1)
  6 kobolds
  2 ball pythons
  A bat (D:1)
  3 rats
24 creatures vanquished.

Vanquished Creatures (others)
  A demonic plant (D:1)
1 creature vanquished.

Grand Total: 25 creatures vanquished

Notes
Turn   | Place    | Note
-------+----------+-------------------------------------------
     0 | D:1      | frimble the Demonspawn Warper began the quest for the Orb.
     0 | D:1      | Reached XP level 1. HP: 16/16 MP: 3/3
   250 | D:1      | Gained mutation: You are partially covered in sharp spines.
                  | [demonic ancestry]
   250 | D:1      | Reached XP level 2. HP: 22/22 MP: 5/5
   528 | D:1      | Found a faded altar of an unknown god.
  1216 | D:2      | You fall into a shaft and drop 1 floor!
  1270 | D:2      | Gained mutation: Your demonic aura sometimes causes spilled
                  | blood to erupt in flames. [demonic ancestry]
  1270 | D:2      | Reached XP level 3. HP: 18/27 MP: 6/6
  1273 | D:2      | Learned a level 2 spell: Blink
  2733 | D:3      | Slain by an iguana

Illustrated notes

Levels and vault maps discovered:
D:1:      giann_horns, layout_basic, shapermc_ecumenical_altar_gd,
          corner_web_ring
D:2:      layout_basic, serial_aquarium, aquarium_bridge_long_joined
          [aquarium_subvault_bridge, aquarium_subvault_bridge,
          aquarium_subvault_bridge, aquarium_subvault_bridge,
          aquarium_subvault_bridge, aquarium_subvault_wall],
          aquarium_bridge_square [aquarium_subvault_wall,
          aquarium_subvault_wall, aquarium_subvault_wall,
          aquarium_subvault_bridge], aquarium_window_1,
          aquarium_window_corridor_3, aquarium_window_2, aquarium_window_2,
          aquarium_view_2e, minmay_misc_feat_tiny
D:3:      lemuel_castle_with_subvaults [lemuel_castle_interior_carwin_1],
          layout_basic

Skill      XL: |  1 |
---------------+----+-----
Long Blades    | 2 |  2.9
Dodging        | 2 |  2.4
Fighting       | |  2.5
Throwing       | |  0.8
Armour         | |  0.8
Spellcasting   | |  2.0
Translocations | |  2.6

Action                   || total
-------------------------++-------
Melee: Falchion          ||    71
Throw: Boomerang         ||     1
  Use: Scroll            ||     4
 Stab: Sleeping          ||     1
Armor: Leather armour    ||    15
Dodge: Dodged            ||    36

Table legend: (Time is in decaauts)
 A = Elapsed time spent in this place.
 B = Non-inter-level travel time spent in this place.
 C = Inter-level travel time spent in this place.
 D = Time resting spent in this place.
 E = Time spent auto-exploring this place.
 F = Levels seen in this place.
 G = Mean time per level.
                   A        B        C        D        E       F      G
               +--------+--------+--------+--------+--------+-----+--------+
         Total |   2745 |   2676 |     69 |      0 |   2468 |   3 |  915.0 |
       Dungeon |   2745 |   2676 |     69 |      0 |   2468 |   3 |  915.0 |
               +--------+--------+--------+--------+--------+-----+--------+

Top non-repeatable levels by time:
     D:2: 1302 daAuts
     D:1: 1164 daAuts
     D:3: 278 daAuts
